 Dungeon Crawl Stone Soup version 0.19-a0-599-g723c685 (webtiles) character file.

1359 st0uf the Shield-Bearer (level 8, -15/62 HPs)
             Began as a Formicid Fighter on June 12, 2016.
             Demolished by an orc warrior
             ... wielding a +0 dire flail
              (19 damage)
             ... on level 5 of the Dungeon.
             The game lasted 00:19:37 (5483 turns).

st0uf the Shield-Bearer (Formicid Fighter)          Turns: 5483, Time: 00:19:38

Health: -15/62     AC: 17    Str: 23    XL:     8   Next: 96%
Magic:  8/8        EV:  8    Int:  8    God:
Gold:   33         SH: 11    Dex: 13    Spells: 0 memorised, 7 levels left

rFire  . . .     SeeInvis +     a - +0 war axe
rCold  . . .     Gourm    .     t - +5 chain mail "Icwew" {SInv}
rNeg   . . .     Faith    .     c - +0 shield
rPois  .         Spirit   .     (helmet unavailable)
rElec  .         Dismiss  .     (no cloak)
rCorr  .         Reflect  .     h - +0 pair of gloves
SustAt .         Harm     .     B - +0 pair of boots
MR     .....                    (no amulet)
Stlth  ..........               C - +3 ring of dexterity
                                v - ring of stealth

@: lethally poisoned (-15 -> -15), not resistant to hostile enchantments,
extremely unstealthy
A: permanent stasis, dig shafts and tunnels, four strong arms, antennae 3
a: Dig, Shaft Self


You were on level 5 of the Dungeon.
You were not hungry.

You visited 1 branch of the dungeon, and saw 6 of its levels.

You collected 280 gold pieces.
You spent 247 gold pieces at shops.

Inventory:

Hand Weapons
 a - a +0 war axe (weapon)
Missiles
 i - 167 stones (quivered)
 F - 73 sling bullets
Armour
 c - a +0 shield (worn)
 h - a +0 pair of gloves (worn)
 t - the +5 chain mail "Icwew" (worn) {SInv}
   (You bought it in a shop on level 5 of the Dungeon)

   It lets you see invisible.
 B - a +0 pair of boots (worn)
Jewellery
 v - a ring of stealth (left hand)
 C - a +3 ring of dexterity (right hand)
 D - an uncursed ring of wizardry
 H - an uncursed ring of wizardry
 J - an uncursed ring of stealth
Wands
 s - a wand of flame (38/48)
 I - a wand of teleportation (5/9)
Scrolls
 e - a scroll of blinking {unknown}
 g - a scroll of fear {unknown}
 k - 4 scrolls of identify
 l - 2 scrolls of magic mapping {unknown}
 n - a scroll of amnesia {unknown}
 o - 6 scrolls of teleportation {unknown}
 q - a scroll of enchant armour {unknown}
 r - a scroll of remove curse {unknown}
 w - a scroll of immolation {unknown}
 y - 3 scrolls of recharging {unknown}
Potions
 d - a potion of might
 j - a potion of cancellation {unknown}
 m - 2 potions of degeneration {unknown}
 p - a potion of agility {unknown}
 u - 5 potions of curing {unknown}
 x - 2 potions of haste {unknown}
 z - a potion of heal wounds {unknown}
 G - a potion of berserk rage {unknown}
 K - 2 potions of lignification {unknown}
Comestibles
 b - a chunk of flesh
 f - 6 bread rations
 A - a beef jerky
 E - 4 meat rations


   Skills:
 + Level 5.3 Fighting
 * Level 6.3 Axes
 + Level 0.4 Throwing
 + Level 6.0 Armour
 + Level 2.9 Dodging
 + Level 6.4 Shields


You had 7 spell levels left.
You didn't know any spells.

Dungeon Overview and Level Annotations

Branches:
Dungeon (6/15)
 Temple: D:4-7

Altars:
Ashenzari
Cheibriados
Elyvilon
Fedhas
Nemelex Xobeh
Qazlal
Ru
Xom

Shops:
D:5 ([

Annotations:
D:4 st0uf's ghost, novice FoFi


Innate Abilities, Weirdness & Mutations

You are under a permanent stasis effect.
You can dig through walls and to a lower floor.
Your four strong arms can wield two-handed weapons with a shield.
You have a pair of large antennae on your head. (SInv)


Message History

The orc warrior is lightly wounded.
You feel sick. The orc warrior barely misses you.
You hit the orc warrior but do no damage.
The orc warrior is lightly wounded.
The orc warrior hits you but does no damage.
You barely miss the orc warrior.
The orc warrior is lightly wounded.
You feel sick. You block the orc warrior's attack.
You hit the orc warrior but do no damage.
The orc warrior is lightly wounded.
The orc warrior hits you but does no damage.
You block the orc warrior's attack.
You slash the orc warrior!
The orc warrior is severely wounded.
You block the orc warrior's attack.
You completely miss the orc warrior.
The orc warrior is severely wounded.
You feel sick.
The orc warrior hits you with a dire flail!!
You die...

...#.......#...####++####........
...###._.###.....................
...#.......#...................#.
...#...#...#.....................
...#...#...#............#.....##.
...+#######+.....................
......###........##....##...#..).
........##.......##.....<.......)
........##.##.##@###+##..........
........##.##.##o###.............
##.##...##.##.#ol.....#..........
..............#.......#..........
...........##.#.......[..#.......
...###....###.#..................
...####.....................###..
........#...#.##...#.............
.#.###..#...#.##...#...>.........


You could see an orc warrior, an orc and a giant gecko.

Vanquished Creatures
  The ghost of st0uf the Shield-Bearer, a novice FoFi of Uskayaw (D:5)
  Grinder (D:3)
  A phantom (D:4)
  A giant frog (D:5)
  A scorpion (D:5)
  A howler monkey (D:4)
  An orc priest (D:5)
  A jelly (D:5)
  An iguana (D:5)
  6 orc wizards
  5 worker ants
  A hound skeleton (D:5)
  A worker ant zombie (D:5)
  6 gnolls (D:3)
  A howler monkey zombie (D:5)
  5 adders
  2 oozes
  3 worms
  A dart slug (D:2)
  4 giant geckos
  11 orcs
  A ball python (D:6)
  10 bats
  9 giant cockroaches
  9 goblins
  8 hobgoblins
  6 jackals (D:1)
  3 quokkas
  6 giant newts
  10 kobolds
  7 rats
124 creatures vanquished.

Notes
Turn   | Place    | Note
--------------------------------------------------------------
     0 | D:1      | st0uf the Formicid Fighter began the quest for the Orb.
     0 | D:1      | Reached XP level 1. HP: 18/18 MP: 1/1
   206 | D:1      | Reached XP level 2. HP: 24/24 MP: 2/2
   636 | D:1      | Reached XP level 3. HP: 29/29 MP: 3/3
  1207 | D:2      | Reached XP level 4. HP: 21/36 MP: 4/4
  1453 | D:2      | Found a stormy altar of Qazlal.
  1553 | D:2      | Reached skill level 1 in Dodging
  2085 | D:2      | Reached XP level 5. HP: 37/42 MP: 5/5
  2126 | D:2      | Found a blossoming altar of Fedhas.
  2306 | D:3      | Found a faded altar of an unknown god.
  2415 | D:3      | Found a shattered altar of Ashenzari.
  2419 | D:3      | Found a shimmering altar of Xom.
  2422 | D:3      | Noticed Grinder
  2451 | D:3      | Killed Grinder
  2451 | D:3      | Reached skill level 5 in Shields
  2451 | D:3      | Reached XP level 6. HP: 42/48 MP: 6/6
  2565 | D:3      | Reached XP level 7. HP: 44/54 MP: 7/7
  2726 | D:3      | Found a snail-covered altar of Cheibriados.
  2802 | D:3      | Found a white marble altar of Elyvilon.
  3371 | D:4      | Found a blossoming altar of Fedhas.
  3371 | D:4      | Found a sparkling altar of Nemelex Xobeh.
  3549 | D:4      | Noticed st0uf's ghost (novice FoFi)
  3760 | D:5      | Entered Level 5 of the Dungeon
  4017 | D:5      | Noticed st0uf's ghost (novice FoFi)
  4130 | D:4      | Reached skill level 5 in Armour
  4182 | D:4      | Reached skill level 5 in Axes
  4182 | D:4      | Reached XP level 8. HP: 45/61 MP: 8/8
  4558 | D:5      | Killed st0uf's ghost
  4558 | D:5      | Reached skill level 5 in Fighting
  4665 | D:5      | Found Xeniott's Antique Armour Shoppe.
  4671 | D:5      | Bought a shimmering chain mail for 247 gold pieces
  4671 | D:5      | Identified the +5 chain mail "Icwew" {SInv} (You bought it in a shop on level 5 of the Dungeon)
  4760 | D:5      | Found a sacrificial altar of Ru.
  5115 | D:5      | Found Fuiv's Weapon Shoppe.
  5483 | D:5      | Demolished by an orc warrior

Vault maps used:
D:1:      nagdon_arrival_double_spiral
D:2:      old_standard_altar, fedhas_altar_4
D:3:      wad_crossroads, marbit_many_paths, grunt_temple_overflow_open,
          elyvilon_altar_3, first_bread, ecumenical_altar_2, minivault_11,
          uniq_grinder
D:4:      gammafunk_temple_overflow_elements
D:5:      nicolae_ru_great_annihilating_truth, serial_shops, shop, shop,
          grunt_decor_arrowhead, kennysheep_generic_room_4
D:6:      grunt_temple_overflow_gold_and_silver,
          yredelemnul_forgotten_temple_becter

Skill      XL: |  1  2  3  4  5  6  7  8 |
---------------+-------------------------+-----
Shields        | 4 5 6 |  6.4
Dodging        | 1 2 |  2.9
Axes           | 3 4 5 6 |  6.3
Armour         | 4 5 6 |  6.0
Fighting       | 4 5 |  5.3
Throwing       | |  0.4

Action                   |  1- 3 |  4- 6 |  7- 9 || total
-------------------------+-------+-------+-------++-------
Melee: War axe           |   126 |   153 |   230 ||   509
Throw: Stone             |       |       |     9 ||     9
 Abil: Dig               |     1 |     1 |       ||     2
  Use: Scroll            |       |       |     1 ||     1
  Eat: Chunk             |     1 |     5 |     9 ||    15
       Fruit             |       |       |     1 ||     1
Armor: Scale mail        |    73 |    69 |    58 ||   200
       Chain mail        |       |       |    44 ||    44
Dodge: Dodged            |    35 |    42 |    73 ||   150
Block: Shield            |    78 |    86 |   113 ||   277
